Flames vs Coyotes
Created - 13 mai 2013 at 19:08
Goals
|
| Flames |
2 |
0 |
0 |
2 |
| Coyotes |
3 |
0 |
3 |
6 |
|
Shots
|
| Flames |
16 |
3 |
14 |
33 |
| Coyotes |
10 |
4 |
14 |
28 |
|
1st period
1. Flames , Marcel Goc 11 (Mark Bell) at 5:53
2. Coyotes , Brenden Morrow 23 (Marian Gaborik, Tim Connolly) at 14:06 (PP)
3. Flames , Eric Staal 37 (Alexander Semin) at 14:38 (PP)
4. Coyotes , Sergei Samsonov 23 (Jiri Fischer) at 16:08
5. Coyotes , Craig Adams 12 (Riley Cote, Todd Marchant) at 17:06
Penalties :
Bill Guerin (Pho) for High sticking (Minor) at 7:50, Steve Eminger (Cal) for Hooking (Minor) at 13:42, Sergei Samsonov (Pho) for Tripping (Minor) at 14:30
2nd period
No Goal
Penalties :
Lukas Krajicek (Pho) for Tripping (Minor) at 3:13, Ron Hainsey (Cal) for Roughing (Minor) at 8:49, Chad Larose (Pho) for Tripping (Minor) at 14:21
3rd period
6. Coyotes , Denis Grebeshkov 3 (Tom Poti, Brenden Morrow) at 0:12
7. Coyotes , Frans Nielsen 31 (Tom Poti) at 9:22
8. Coyotes , Drew Miller 14 (Maxim Lapierre, Kurt Sauer) at 12:41
Penalties :
Erik Johnson (Cal) for Elbowing (Minor) at 6:05, Sergei Samsonov (Pho) for Holding (Minor) at 17:11
Goalie Stats
Pekka Rinne (Cal), 22 saves from 28 shots - (0,786), L, 21-19-5, 60:00 minutes
Ryan Miller (Pho), 31 saves from 33 shots - (0,939), W, 37-25-5, 60:00 minutes
Players Stats for Flames
Player Name G A P +/- PIM S H SB GA TA FO MP PP MP PK MP
------------------------------------------------------------------------------------
Alexander Semin 0 1 1 -2 0 1 1 1 0 0 0/0 17:16 4:31 1:01
Brett Lebda 0 0 0 -3 0 0 2 2 0 0 0/0 22:28 3:13 0:48
David Backes 0 0 0 -2 0 2 2 0 0 0 0/0 15:16 3:28 0:00
Eric Staal 1 0 1 -1 0 6 1 0 0 0 14/35 20:48 4:25 1:27
Erik Johnson 0 0 0 1 2 1 0 1 0 0 0/0 13:40 3:13 0:00
Jordin Tootoo 0 0 0 -1 0 2 0 1 0 0 0/0 12:21 0:11 1:12
Josef Vasicek 0 0 0 -1 0 1 2 0 0 0 5/7 14:02 3:13 0:00
Marcel Goc 1 0 1 0 0 2 1 0 0 0 1/4 10:35 0:26 0:00
Mark Bell 0 1 1 0 0 3 2 0 0 0 0/0 10:42 0:20 0:08
Michal Handzus 0 0 0 -2 0 0 1 2 0 0 6/13 14:08 0:00 2:28
Owen Nolan 0 0 0 0 0 1 1 0 0 0 0/0 9:52 0:00 0:00
Pavel Bure 0 0 0 -1 0 4 3 0 0 0 0/1 19:12 4:25 0:00
Petr Schastlivy 0 0 0 -1 0 3 0 1 0 1 0/0 17:15 0:00 2:28
Rob Blake 0 0 0 -3 0 2 2 2 0 0 0/0 23:10 4:51 2:04
Ron Hainsey 0 0 0 1 2 1 0 0 0 2 0/0 11:31 0:00 0:52
Steve Eminger 0 0 0 -2 2 1 0 0 0 2 0/0 23:08 0:00 2:18
Steve Sullivan 0 0 0 -1 0 0 1 0 1 0 1/1 14:02 3:13 0:00
Tomas Kaberle 0 0 0 -2 0 3 1 0 0 1 0/0 26:09 4:51 2:42
Players Stats for Coyotes
Player Name G A P +/- PIM S H SB GA TA FO MP PP MP PK MP
------------------------------------------------------------------------------------
Bill Guerin 0 0 0 2 2 0 1 0 0 0 0/0 13:48 1:39 0:00
Brenden Morrow 1 1 2 1 0 4 6 1 0 0 2/2 21:18 2:43 2:08
Brian Pothier 0 0 0 1 0 0 0 0 0 0 0/0 20:02 1:38 3:43
Chad Larose 0 0 0 1 2 1 4 1 0 0 4/5 12:23 0:00 3:09
Craig Adams 1 0 1 0 0 2 1 0 1 0 0/0 11:19 0:00 1:21
Denis Grebeshkov 1 0 1 2 0 3 3 2 0 0 0/0 25:41 2:44 0:56
Drew Miller 1 0 1 1 0 2 0 0 0 0 1/1 13:44 0:00 4:29
Frans Nielsen 1 0 1 2 0 3 2 0 0 0 5/12 17:07 1:39 3:21
Jiri Fischer 0 1 1 1 0 0 0 1 0 0 0/0 14:31 0:00 3:43
Kurt Sauer 0 1 1 1 0 0 0 0 0 0 0/0 18:13 0:00 3:25
Lukas Krajicek 0 0 0 1 2 0 0 1 0 0 0/0 12:55 1:38 0:00
Marian Gaborik 0 1 1 1 0 3 4 0 2 0 0/1 19:10 2:43 0:00
Maxim Lapierre 0 1 1 1 0 0 4 0 0 0 1/3 10:32 0:00 1:29
Riley Cote 0 1 1 0 0 3 0 0 1 0 0/0 9:43 0:00 0:06
Sergei Samsonov 1 0 1 2 4 3 2 0 0 0 0/1 13:51 1:39 0:00
Tim Connolly 0 1 1 1 0 2 0 0 1 0 17/27 19:15 2:43 0:05
Todd Marchant 0 1 1 0 0 1 2 0 0 0 4/9 9:37 0:00 0:00
Tom Poti 0 2 2 2 0 1 2 1 1 1 0/0 28:42 2:44 4:21
3 Stars
1 - Brenden Morrow (Pho)
2 - Denis Grebeshkov (Pho)
3 - Tom Poti (Pho)
Power Play
Flames - 1 on 5 Attempt(s) - 20,00%
Coyotes - 1 on 3 Attempt(s) - 33,33%
Penalty Kill
Flames - 2 on 3 Attempt(s) - 66,67%
- Score 0 goal in Penalty Kill
Coyotes - 4 on 5 Attempt(s) - 80,00%
- Score 0 goal in Penalty Kill
Official
Referees : Rehman Kyle and Meier Brad
Linesman : Jay Sharrers and Tony Sericolo
Game Notes
No Game Note
Finance
Level 1 -- Attendance: 4566 (76,10%) -- Ticket Income 433 770 $
Level 2 -- Attendance: 4037 (80,74%) -- Ticket Income 230 109 $
Level 3 -- Attendance: 1629 (81,45%) -- Ticket Income 52 128 $
Level 4 -- Attendance: 3479 (86,98%) -- Ticket Income 62 622 $
Luxury Box -- Attendance: 668 (66,80%) -- Ticket Income 126 920 $
Game was played at the The Pack Center
Total Attendance: 14379 (79,88%)
Total Ticket Income: 905 549 $
Other Income: 45 277 $
Total Income: 950 826 $
Flames
5 vs 5 Forward
Center Left Wing Right Wing Time % Phy DF OF
1 Eric Staal Petr Schastlivy Pavel Bure 40 1 2 2
2 Michal Handzus Alexander Semin David Backes 30 1 2 2
3 Josef Vasicek Steve Sullivan Jordin Tootoo 20 1 2 2
4 Marcel Goc Mark Bell Owen Nolan 10 1 2 2
5 vs 5 Defense
Defense Defense Time % Phy DF OF
1 Tomas Kaberle Steve Eminger 40 1 2 2
2 Brett Lebda Rob Blake 30 1 2 2
3 Ron Hainsey Erik Johnson 20 1 2 2
4 Brett Lebda Steve Eminger 10 1 2 2
PowerPlay Forward
Center Left Wing Right Wing Time % Phy DF OF
1 Eric Staal Alexander Semin Pavel Bure 60 1 1 3
2 Josef Vasicek Steve Sullivan David Backes 40 1 1 3
PowerPlay Defense
Defense Defense Time % Phy DF OF
1 Tomas Kaberle Rob Blake 60 1 2 2
2 Brett Lebda Erik Johnson 40 1 2 2
Penalty Kill 4 Players Forward
Center Wing Time % Phy DF OF
1 Michal Handzus Petr Schastlivy 60 1 3 1
2 Eric Staal Jordin Tootoo 40 1 3 1
Penalty Kill 4 Players Defense
Defense Defense Time % Phy DF OF
1 Tomas Kaberle Steve Eminger 60 1 3 1
2 Ron Hainsey Rob Blake 40 1 3 1
Penalty Kill - 3 Players Forward
Forward Time % Phy DF OF
1 Michal Handzus 60 1 3 1
2 Eric Staal 40 1 3 1
Penalty Kill - 3 Players Defense
Defense Defense Time % Phy DF OF
1 Tomas Kaberle Steve Eminger 60 1 3 1
2 Ron Hainsey Rob Blake 40 1 3 1
4 vs 4 Forward
Center Wing Time % Phy DF OF
1 Eric Staal Pavel Bure 60 1 2 2
2 Michal Handzus Alexander Semin 40 1 2 2
4 vs 4 Defense
Defense Defense Time % Phy DF OF
1 Tomas Kaberle Steve Eminger 60 1 2 2
2 Brett Lebda Rob Blake 40 1 2 2
Last Minutes Offensive
Center Left Wing Right Wing Defense Defense
Eric Staal Alexander Semin Pavel Bure Tomas Kaberle Steve Eminger
Last Minutes Defensive
Center Left Wing Right Wing Defense Defense
Eric Staal Petr Schastlivy Pavel Bure Tomas Kaberle Steve Eminger
Goaltenders
Starting : Pekka Rinne
Backup : Craig Anderson
Extra Forwards
Normal : David Backes, Petr Schastlivy, Steve Sullivan - PP : David Backes, Steve Sullivan - PK : Jordin Tootoo
Extra Defensemen
Normal : Rob Blake, Brett Lebda, Ron Hainsey - PP : Erik Johnson - PK : Rob Blake, Ron Hainsey
Penalty Shots
Eric Staal, Pavel Bure, Alexander Semin, Steve Sullivan, David Backes
Coyotes
5 vs 5 Forward
Center Left Wing Right Wing Time % Phy DF OF
1 Tim Connolly Brenden Morrow Marian Gaborik 40 1 2 2
2 Frans Nielsen Sergei Samsonov Bill Guerin 30 1 2 2
3 Maxim Lapierre Drew Miller Chad Larose 20 1 2 2
4 Todd Marchant Riley Cote Craig Adams 10 1 2 2
5 vs 5 Defense
Defense Defense Time % Phy DF OF
1 Tom Poti Denis Grebeshkov 40 1 2 2
2 Brian Pothier Kurt Sauer 30 1 2 2
3 Lukas Krajicek Jiri Fischer 20 1 2 2
4 Tom Poti Denis Grebeshkov 10 1 2 2
PowerPlay Forward
Center Left Wing Right Wing Time % Phy DF OF
1 Tim Connolly Brenden Morrow Marian Gaborik 60 1 2 2
2 Frans Nielsen Sergei Samsonov Bill Guerin 40 1 2 2
PowerPlay Defense
Defense Defense Time % Phy DF OF
1 Tom Poti Denis Grebeshkov 60 1 2 2
2 Brian Pothier Lukas Krajicek 40 1 2 2
Penalty Kill 4 Players Forward
Center Wing Time % Phy DF OF
1 Chad Larose Drew Miller 60 1 2 2
2 Frans Nielsen Craig Adams 40 1 2 2
Penalty Kill 4 Players Defense
Defense Defense Time % Phy DF OF
1 Tom Poti Kurt Sauer 60 1 2 2
2 Brian Pothier Jiri Fischer 40 1 2 2
Penalty Kill - 3 Players Forward
Forward Time % Phy DF OF
1 Chad Larose 60 1 2 2
2 Drew Miller 40 1 2 2
Penalty Kill - 3 Players Defense
Defense Defense Time % Phy DF OF
1 Tom Poti Kurt Sauer 60 1 2 2
2 Brian Pothier Jiri Fischer 40 1 2 2
4 vs 4 Forward
Center Wing Time % Phy DF OF
1 Tim Connolly Marian Gaborik 60 1 2 2
2 Frans Nielsen Brenden Morrow 40 1 2 2
4 vs 4 Defense
Defense Defense Time % Phy DF OF
1 Tom Poti Denis Grebeshkov 60 1 2 2
2 Brian Pothier Kurt Sauer 40 1 2 2
Last Minutes Offensive
Center Left Wing Right Wing Defense Defense
Tim Connolly Brenden Morrow Marian Gaborik Tom Poti Denis Grebeshkov
Last Minutes Defensive
Center Left Wing Right Wing Defense Defense
Tim Connolly Brenden Morrow Marian Gaborik Tom Poti Kurt Sauer
Goaltenders
Starting : Ryan Miller
Backup : Peter Budaj
Extra Forwards
Normal : Chad Larose, Craig Adams, Drew Miller - PP : Chad Larose, Craig Adams - PK : Drew Miller
Extra Defensemen
Normal : Lukas Krajicek, Denis Grebeshkov, Jiri Fischer - PP : Lukas Krajicek - PK : Denis Grebeshkov, Jiri Fischer
Penalty Shots
Sergei Samsonov, Marian Gaborik, Bill Guerin, Frans Nielsen, Brenden Morrow
% Time on Ice - Flames
Lines # - Real PCT - Wanted PCT - Time Play
Normal Forward
1 - 32% - 40% - 15:13
2 - 25% - 30% - 11:48
3 - 22% - 20% - 10:41
4 - 21% - 10% - 9:52
Normal Defense
1 - 39% - 40% - 18:47
2 - 30% - 30% - 14:20
3 - 21% - 20% - 10:06
4 - 9% - 10% - 4:21
PP Forward
1 - 57% - 60% - 4:36
2 - 43% - 40% - 3:28
PP Defense
1 - 60% - 60% - 4:51
2 - 40% - 40% - 3:13
PK Forward
1 - 83% - 60% - 3:37
2 - 17% - 40% - 0:45
PK Defense
1 - 62% - 60% - 2:42
2 - 38% - 40% - 1:40
PK3 Forward
1 - 0% - 60%
2 - 0% - 40%
PK3 Defense
1 - 0% - 60%
2 - 0% - 40%
44 Forward
1 - 0% - 60%
2 - 0% - 40%
44 Defense
1 - 0% - 60%
2 - 0% - 40%
Last Minute Offensive - 0:00
Last Minute Defensive - 0:00
Total
Forward - 60:00
Defense - 60:00
|
% Time on Ice - Coyotes
Lines # - Real PCT - Wanted PCT - Time Play
Normal Forward
1 - 36% - 40% - 16:56
2 - 26% - 30% - 12:15
3 - 18% - 20% - 8:46
4 - 20% - 10% - 9:37
Normal Defense
1 - 42% - 40% - 20:12
2 - 31% - 30% - 14:41
3 - 21% - 20% - 10:10
4 - 5% - 10% - 2:31
PP Forward
1 - 62% - 60% - 2:43
2 - 38% - 40% - 1:39
PP Defense
1 - 63% - 60% - 2:44
2 - 37% - 40% - 1:38
PK Forward
1 - 83% - 60% - 6:43
2 - 17% - 40% - 1:21
PK Defense
1 - 54% - 60% - 4:21
2 - 46% - 40% - 3:43
PK3 Forward
1 - 0% - 60%
2 - 0% - 40%
PK3 Defense
1 - 0% - 60%
2 - 0% - 40%
44 Forward
1 - 0% - 60%
2 - 0% - 40%
44 Defense
1 - 0% - 60%
2 - 0% - 40%
Last Minute Offensive - 0:00
Last Minute Defensive - 0:00
Total
Forward - 60:00
Defense - 60:00
|
Play by Play
1st period
0:01 of 1st period - Tim Connolly wins face-off versus Eric Staal in neutral zone.
0:14 of 1st period - Snap shot by Petr Schastlivy.
0:14 of 1st period - Shot Misses the Net.
0:16 of 1st period - Slapshot by Tomas Kaberle.
0:16 of 1st period - Shot Blocked by Denis Grebeshkov.
1:22 of 1st period - Slapshot by Tomas Kaberle.
1:22 of 1st period - Stopped by Ryan Miller without a rebound.
1:23 of 1st period - Tim Connolly wins face-off versus Eric Staal in Coyotes zone.
1:32 of 1st period - Wrist shot by Marian Gaborik.
1:32 of 1st period - Shot Hit the Post.
1:38 of 1st period - Petr Schastlivy is hit by Marian Gaborik and loses puck.
2:17 of 1st period - Wrist shot by Josef Vasicek.
2:17 of 1st period - Stopped by Ryan Miller with a rebound.
2:35 of 1st period - Snap shot by David Backes.
2:35 of 1st period - Stopped by Ryan Miller without a rebound.
2:36 of 1st period - Michal Handzus wins face-off versus Marian Gaborik in Coyotes zone.
2:43 of 1st period - Wrist shot by David Backes.
2:43 of 1st period - Shot Misses the Net.
2:45 of 1st period - Slapshot by Michal Handzus.
2:45 of 1st period - Shot Misses the Net.
3:10 of 1st period - Snap shot by Frans Nielsen.
3:10 of 1st period - Stopped by Pekka Rinne without a rebound.
3:11 of 1st period - Frans Nielsen wins face-off versus Eric Staal in Flames zone.
3:51 of 1st period - Jiri Fischer is hit by Pavel Bure and loses puck.
4:08 of 1st period - Snap shot by Steve Sullivan.
4:08 of 1st period - Shot Blocked by Jiri Fischer.
4:10 of 1st period - Snap shot by Josef Vasicek.
4:10 of 1st period - Shot Misses the Net.
4:12 of 1st period - Wrist shot by Jordin Tootoo.
4:12 of 1st period - Shot Blocked by Brenden Morrow.
4:24 of 1st period - Snap shot by Riley Cote.
4:24 of 1st period - Deflect By Marcel Goc.
4:24 of 1st period - Stopped by Pekka Rinne with a rebound.
4:26 of 1st period - Snap shot by Jiri Fischer.
4:26 of 1st period - Deflect By Craig Adams.
4:26 of 1st period - Shot Blocked by Erik Johnson.
4:26 of 1st period - Puck is out of play.
4:27 of 1st period - Todd Marchant wins face-off versus Marcel Goc in Flames zone.
4:36 of 1st period - Slapshot by Marcel Goc.
4:36 of 1st period - Shot Misses the Net.
4:51 of 1st period - Mark Bell is hit by Todd Marchant and loses puck.
5:53 of 1st period - Slapshot by Marcel Goc.
5:53 of 1st period - Goal by Marcel Goc - Flames : 1 - Coyotes : 0.
5:54 of 1st period - Tim Connolly wins face-off versus Eric Staal in neutral zone.
5:59 of 1st period - Snap shot by Eric Staal.
5:59 of 1st period - Stopped by Ryan Miller with a rebound.
6:13 of 1st period - Marian Gaborik is hit by Pavel Bure.
6:22 of 1st period - Off-side.
6:23 of 1st period - Maxim Lapierre wins face-off versus Michal Handzus in neutral zone.
6:34 of 1st period - Snap shot by Drew Miller.
6:34 of 1st period - Stopped by Pekka Rinne with a rebound.
6:36 of 1st period - Wrist shot by Drew Miller.
6:36 of 1st period - Shot Blocked by Michal Handzus.
6:53 of 1st period - Icing by Rob Blake.
6:54 of 1st period - Steve Sullivan wins face-off versus Frans Nielsen in Flames zone.
6:54 of 1st period - Steve Sullivan is hit by Denis Grebeshkov.
7:50 of 1st period - Minor Penalty to Bill Guerin for High sticking.
7:51 of 1st period - Chad Larose wins face-off versus Pavel Bure in Coyotes zone.
8:02 of 1st period - Wrist shot by Pavel Bure.
8:02 of 1st period - Shot Misses the Net.
8:06 of 1st period - Wrist shot by Alexander Semin.
8:06 of 1st period - Shot Hit the Post.
9:50 of 1st period - Penalty to Bill Guerin is over, Bill Guerin is back on ice.
9:51 of 1st period - Mark Bell is hit by Bill Guerin and loses puck.
9:58 of 1st period - Craig Adams is hit by Brett Lebda and loses puck.
10:11 of 1st period - Snap shot by Brenden Morrow.
10:11 of 1st period - Stopped by Pekka Rinne with a rebound.
10:13 of 1st period - Wrist shot by Brenden Morrow.
10:13 of 1st period - Shot Misses the Net.
10:15 of 1st period - Snap shot by Jiri Fischer.
10:15 of 1st period - Shot Misses the Net.
11:50 of 1st period - Erik Johnson is hit by Chad Larose and loses puck.
11:58 of 1st period - Icing by Erik Johnson.
11:59 of 1st period - Josef Vasicek wins face-off versus Todd Marchant in Flames zone.
12:24 of 1st period - Steve Eminger is hit by Brenden Morrow and loses puck.
12:43 of 1st period - Steve Eminger is hit by Chad Larose and loses puck.
12:52 of 1st period - Wrist shot by Chad Larose.
12:52 of 1st period - Stopped by Pekka Rinne without a rebound.
12:53 of 1st period - Tim Connolly wins face-off versus Eric Staal in Flames zone.
13:23 of 1st period - Backhand shot by Alexander Semin.
13:23 of 1st period - Shot Misses the Net.
13:25 of 1st period - Slapshot by David Backes.
13:25 of 1st period - Stopped by Ryan Miller without a rebound.
13:26 of 1st period - Tim Connolly wins face-off versus Michal Handzus in Coyotes zone.
13:41 of 1st period - Snap shot by Marian Gaborik.
13:41 of 1st period - Shot Misses the Net.
13:42 of 1st period - Minor Penalty to Steve Eminger for Hooking.
13:43 of 1st period - Tim Connolly wins face-off versus Michal Handzus in Flames zone.
13:48 of 1st period - Snap shot by Tim Connolly.
13:48 of 1st period - Stopped by Pekka Rinne without a rebound.
13:49 of 1st period - Brenden Morrow wins face-off versus Michal Handzus in Flames zone.
13:52 of 1st period - Wrist shot by Brenden Morrow.
13:52 of 1st period - Deflect By Petr Schastlivy.
13:52 of 1st period - Shot Misses the Net.
13:52 of 1st period - Puck is out of play.
13:53 of 1st period - Tim Connolly wins face-off versus Michal Handzus in Flames zone.
14:02 of 1st period - Snap shot by Tim Connolly.
14:02 of 1st period - Shot Blocked by Petr Schastlivy.
14:04 of 1st period - Snap shot by Marian Gaborik.
14:04 of 1st period - Shot Blocked by Michal Handzus.
14:06 of 1st period - Snap shot by Brenden Morrow.
14:06 of 1st period - Goal by Brenden Morrow - Flames : 1 - Coyotes : 1.
14:07 of 1st period - Eric Staal wins face-off versus Tim Connolly in neutral zone.
14:18 of 1st period - Eric Staal is hit by Brenden Morrow and loses puck.
14:30 of 1st period - Minor Penalty to Sergei Samsonov for Tripping.
14:31 of 1st period - Eric Staal wins face-off versus Chad Larose in Coyotes zone.
14:38 of 1st period - Snap shot by Eric Staal.
14:38 of 1st period - Goal by Eric Staal - Flames : 2 - Coyotes : 1.
14:39 of 1st period - Tim Connolly wins face-off versus Eric Staal in neutral zone.
14:51 of 1st period - Snap shot by Marian Gaborik.
14:51 of 1st period - Shot Misses the Net.
14:53 of 1st period - Snap shot by Tim Connolly.
14:53 of 1st period - Deflect By Marian Gaborik.
14:53 of 1st period - Shot Misses the Net.
14:53 of 1st period - Puck is out of play.
14:54 of 1st period - Michal Handzus wins face-off versus Frans Nielsen in Flames zone.
15:03 of 1st period - Frans Nielsen is hit by Alexander Semin and loses puck.
15:26 of 1st period - Slapshot by Eric Staal.
15:26 of 1st period - Stopped by Ryan Miller with a rebound.
15:54 of 1st period - Slapshot by Owen Nolan.
15:54 of 1st period - Stopped by Ryan Miller with a rebound.
16:08 of 1st period - Snap shot by Sergei Samsonov.
16:08 of 1st period - Goal by Sergei Samsonov - Flames : 2 - Coyotes : 2.
16:09 of 1st period - Eric Staal wins face-off versus Tim Connolly in neutral zone.
16:35 of 1st period - Rob Blake is hit by Frans Nielsen and loses puck.
17:04 of 1st period - Slapshot by Riley Cote.
17:04 of 1st period - Shot Blocked by Alexander Semin.
17:06 of 1st period - Backhand shot by Craig Adams.
17:06 of 1st period - Goal by Craig Adams - Flames : 2 - Coyotes : 3.
17:07 of 1st period - Tim Connolly wins face-off versus Eric Staal in neutral zone.
17:22 of 1st period - Slapshot by Tomas Kaberle.
17:22 of 1st period - Deflect By Pavel Bure.
17:22 of 1st period - Stopped by Ryan Miller with a rebound.
17:52 of 1st period - Off-side.
17:53 of 1st period - Josef Vasicek wins face-off versus Todd Marchant in neutral zone.
17:53 of 1st period - Josef Vasicek is hit by Tom Poti.
17:59 of 1st period - Slapshot by Rob Blake.
17:59 of 1st period - Stopped by Ryan Miller without a rebound.
18:00 of 1st period - Todd Marchant wins face-off versus Josef Vasicek in Coyotes zone.
18:00 of 1st period - Todd Marchant is hit by Rob Blake.
18:08 of 1st period - Slapshot by Denis Grebeshkov.
18:08 of 1st period - Stopped by Pekka Rinne with a rebound.
18:32 of 1st period - Slapshot by Tom Poti.
18:32 of 1st period - Shot Blocked by Rob Blake.
18:40 of 1st period - Snap shot by Steve Sullivan.
18:40 of 1st period - Shot Misses the Net.
18:42 of 1st period - Slapshot by Jordin Tootoo.
18:42 of 1st period - Stopped by Ryan Miller with a rebound.
18:44 of 1st period - Slapshot by Rob Blake.
18:44 of 1st period - Stopped by Ryan Miller without a rebound.
18:45 of 1st period - Tim Connolly wins face-off versus Eric Staal in Coyotes zone.
18:54 of 1st period - Snap shot by Petr Schastlivy.
18:54 of 1st period - Stopped by Ryan Miller with a rebound.
18:56 of 1st period - Slapshot by Pavel Bure.
18:56 of 1st period - Stopped by Ryan Miller without a rebound.
18:57 of 1st period - Eric Staal wins face-off versus Tim Connolly in Coyotes zone.
19:42 of 1st period - Icing by Kurt Sauer.
19:43 of 1st period - Frans Nielsen wins face-off versus Josef Vasicek in Coyotes zone.
19:52 of 1st period - Snap shot by Tomas Kaberle.
19:52 of 1st period - Stopped by Ryan Miller with a rebound.
2nd period
0:01 of 2nd period - Eric Staal wins face-off versus Tim Connolly in neutral zone.
0:18 of 2nd period - Brett Lebda is hit by Marian Gaborik and loses puck.
0:31 of 2nd period - Snap shot by Alexander Semin.
0:31 of 2nd period - Stopped by Ryan Miller with a rebound.
1:04 of 2nd period - Snap shot by Josef Vasicek.
1:04 of 2nd period - Shot Misses the Net.
1:43 of 2nd period - Wrist shot by Pavel Bure.
1:43 of 2nd period - Stopped by Ryan Miller with a rebound.
2:11 of 2nd period - Maxim Lapierre is hit by Josef Vasicek and loses puck.
2:34 of 2nd period - Rob Blake is hit by Denis Grebeshkov and loses puck.
2:59 of 2nd period - Slapshot by Marcel Goc.
2:59 of 2nd period - Stopped by Ryan Miller with a rebound.
3:12 of 2nd period - Off-side.
3:13 of 2nd period - Eric Staal wins face-off versus Todd Marchant in neutral zone.
3:13 of 2nd period - Minor Penalty to Lukas Krajicek for Tripping.
3:14 of 2nd period - Chad Larose wins face-off versus Eric Staal in Coyotes zone.
3:43 of 2nd period - Chad Larose is hit by Rob Blake.
5:02 of 2nd period - Brenden Morrow is hit by Steve Sullivan and loses puck.
5:13 of 2nd period - Penalty to Lukas Krajicek is over, Lukas Krajicek is back on ice.
5:23 of 2nd period - Riley Cote is hit by Brett Lebda and loses puck.
6:14 of 2nd period - Eric Staal is hit by Chad Larose and loses puck.
6:36 of 2nd period - Todd Marchant is hit by Mark Bell and loses puck.
7:00 of 2nd period - Slapshot by Lukas Krajicek.
7:00 of 2nd period - Shot Blocked by Brett Lebda.
7:04 of 2nd period - Snap shot by Tim Connolly.
7:04 of 2nd period - Stopped by Pekka Rinne with a rebound.
7:16 of 2nd period - Jordin Tootoo is hit by Maxim Lapierre and loses puck.
7:34 of 2nd period - Erik Johnson is hit by Denis Grebeshkov and loses puck.
7:45 of 2nd period - David Backes is hit by Marian Gaborik.
7:49 of 2nd period - David Backes is hit by Marian Gaborik and loses puck.
8:13 of 2nd period - Josef Vasicek is hit by Chad Larose and loses puck.
8:35 of 2nd period - Icing by Rob Blake.
8:36 of 2nd period - Marcel Goc wins face-off versus Todd Marchant in Flames zone.
8:47 of 2nd period - Kurt Sauer is hit by Owen Nolan and loses puck.
8:49 of 2nd period - Minor Penalty to Ron Hainsey for Roughing.
8:50 of 2nd period - Michal Handzus wins face-off versus Tim Connolly in Flames zone.
9:19 of 2nd period - Tomas Kaberle is hit by Frans Nielsen and loses puck.
10:49 of 2nd period - Penalty to Ron Hainsey is over, Ron Hainsey is back on ice.
10:57 of 2nd period - Snap shot by Craig Adams.
10:57 of 2nd period - Stopped by Pekka Rinne without a rebound.
10:58 of 2nd period - Josef Vasicek wins face-off versus Todd Marchant in Flames zone.
11:08 of 2nd period - Wrist shot by Riley Cote.
11:08 of 2nd period - Stopped by Pekka Rinne without a rebound.
11:09 of 2nd period - Eric Staal wins face-off versus Frans Nielsen in Flames zone.
12:08 of 2nd period - Snap shot by Josef Vasicek.
12:08 of 2nd period - Shot Misses the Net.
13:30 of 2nd period - Snap shot by Steve Sullivan.
13:30 of 2nd period - Shot Misses the Net.
14:08 of 2nd period - Wrist shot by Frans Nielsen.
14:08 of 2nd period - Stopped by Pekka Rinne with a rebound.
14:21 of 2nd period - Minor Penalty to Chad Larose for Tripping.
14:22 of 2nd period - Eric Staal wins face-off versus Frans Nielsen in Coyotes zone.
14:35 of 2nd period - Wrist shot by Alexander Semin.
14:35 of 2nd period - Deflect By Eric Staal.
14:35 of 2nd period - Shot Misses the Net.
14:35 of 2nd period - Puck is out of play.
14:36 of 2nd period - Drew Miller wins face-off versus Eric Staal in Coyotes zone.
15:30 of 2nd period - Brett Lebda is hit by Maxim Lapierre.
16:21 of 2nd period - Penalty to Chad Larose is over, Chad Larose is back on ice.
17:18 of 2nd period - Owen Nolan is hit by Brenden Morrow and loses puck.
17:53 of 2nd period - Ron Hainsey is hit by Brenden Morrow and loses puck.
18:10 of 2nd period - Denis Grebeshkov is hit by Mark Bell and loses puck.
18:31 of 2nd period - Erik Johnson is hit by Sergei Samsonov and loses puck.
19:00 of 2nd period - Petr Schastlivy is hit by Craig Adams and loses puck.
19:47 of 2nd period - Steve Eminger is hit by Todd Marchant and loses puck.
3rd period
0:01 of 3rd period - Tim Connolly wins face-off versus Eric Staal in neutral zone.
0:06 of 3rd period - Wrist shot by Brenden Morrow.
0:06 of 3rd period - Stopped by Pekka Rinne with a rebound.
0:08 of 3rd period - Slapshot by Tom Poti.
0:08 of 3rd period - Stopped by Pekka Rinne with a rebound.
0:10 of 3rd period - Backhand shot by Tom Poti.
0:10 of 3rd period - Shot Misses the Net.
0:12 of 3rd period - Wrist shot by Denis Grebeshkov.
0:12 of 3rd period - Goal by Denis Grebeshkov - Flames : 2 - Coyotes : 4.
0:13 of 3rd period - Tim Connolly wins face-off versus Eric Staal in neutral zone.
0:38 of 3rd period - Sergei Samsonov is hit by Michal Handzus and loses puck.
0:45 of 3rd period - Snap shot by Sergei Samsonov.
0:45 of 3rd period - Deflect By Bill Guerin.
0:45 of 3rd period - Shot Blocked by Rob Blake.
0:45 of 3rd period - Puck is out of play.
0:46 of 3rd period - Michal Handzus wins face-off versus Tim Connolly in Flames zone.
0:51 of 3rd period - Lukas Krajicek is hit by David Backes and loses puck.
1:16 of 3rd period - Bill Guerin is hit by Eric Staal and loses puck.
1:32 of 3rd period - Off-side.
1:33 of 3rd period - Josef Vasicek wins face-off versus Maxim Lapierre in neutral zone.
1:40 of 3rd period - Wrist shot by Steve Sullivan.
1:40 of 3rd period - Shot Misses the Net.
1:42 of 3rd period - Snap shot by Jordin Tootoo.
1:42 of 3rd period - Shot Misses the Net.
1:44 of 3rd period - Slapshot by Steve Eminger.
1:44 of 3rd period - Stopped by Ryan Miller without a rebound.
1:45 of 3rd period - Tim Connolly wins face-off versus Eric Staal in Coyotes zone.
1:58 of 3rd period - Slapshot by Marian Gaborik.
1:58 of 3rd period - Stopped by Pekka Rinne without a rebound.
1:59 of 3rd period - Eric Staal wins face-off versus Tim Connolly in Flames zone.
1:59 of 3rd period - Eric Staal is hit by Brenden Morrow.
2:11 of 3rd period - Slapshot by Marian Gaborik.
2:11 of 3rd period - Stopped by Pekka Rinne without a rebound.
2:12 of 3rd period - Tim Connolly wins face-off versus Eric Staal in Flames zone.
2:27 of 3rd period - Slapshot by Pavel Bure.
2:27 of 3rd period - Shot Blocked by Denis Grebeshkov.
4:07 of 3rd period - Wrist shot by Mark Bell.
4:07 of 3rd period - Stopped by Ryan Miller with a rebound.
4:24 of 3rd period - Snap shot by Eric Staal.
4:24 of 3rd period - Shot Misses the Net.
4:40 of 3rd period - Snap shot by Marian Gaborik.
4:40 of 3rd period - Shot Misses the Net.
4:46 of 3rd period - Snap shot by Tim Connolly.
4:46 of 3rd period - Shot Misses the Net.
5:20 of 3rd period - Petr Schastlivy is hit by Maxim Lapierre and loses puck.
5:51 of 3rd period - Wrist shot by Tim Connolly.
5:51 of 3rd period - Shot Blocked by Brett Lebda.
6:05 of 3rd period - Minor Penalty to Erik Johnson for Elbowing.
6:06 of 3rd period - Tim Connolly wins face-off versus Michal Handzus in Flames zone.
7:28 of 3rd period - Wrist shot by Eric Staal.
7:28 of 3rd period - Shot Misses the Net.
7:30 of 3rd period - Slapshot by Ron Hainsey.
7:30 of 3rd period - Stopped by Ryan Miller without a rebound.
7:31 of 3rd period - Eric Staal wins face-off versus Tim Connolly in Coyotes zone.
8:05 of 3rd period - Penalty to Erik Johnson is over, Erik Johnson is back on ice.
8:18 of 3rd period - Snap shot by Mark Bell.
8:18 of 3rd period - Deflect By Owen Nolan.
8:18 of 3rd period - Shot Blocked by Chad Larose.
8:18 of 3rd period - Puck is out of play.
8:19 of 3rd period - Josef Vasicek wins face-off versus Maxim Lapierre in Coyotes zone.
8:26 of 3rd period - Snap shot by Jordin Tootoo.
8:26 of 3rd period - Stopped by Ryan Miller with a rebound.
8:28 of 3rd period - Wrist shot by Josef Vasicek.
8:28 of 3rd period - Shot Misses the Net.
8:30 of 3rd period - Wrist shot by Steve Eminger.
8:30 of 3rd period - Shot Misses the Net.
8:50 of 3rd period - Icing by Marian Gaborik.
8:51 of 3rd period - Tim Connolly wins face-off versus Eric Staal in Coyotes zone.
9:05 of 3rd period - Slapshot by Erik Johnson.
9:05 of 3rd period - Stopped by Ryan Miller without a rebound.
9:06 of 3rd period - Michal Handzus wins face-off versus Frans Nielsen in Coyotes zone.
9:17 of 3rd period - Alexander Semin is hit by Sergei Samsonov and loses puck.
9:22 of 3rd period - Slapshot by Frans Nielsen.
9:22 of 3rd period - Goal by Frans Nielsen - Flames : 2 - Coyotes : 5.
9:23 of 3rd period - Brenden Morrow wins face-off versus Eric Staal in neutral zone.
9:34 of 3rd period - Wrist shot by Petr Schastlivy.
9:34 of 3rd period - Deflect By Eric Staal.
9:34 of 3rd period - Stopped by Ryan Miller with a rebound.
9:36 of 3rd period - Slapshot by Steve Eminger.
9:36 of 3rd period - Shot Misses the Net.
9:38 of 3rd period - Snap shot by Petr Schastlivy.
9:38 of 3rd period - Stopped by Ryan Miller with a rebound.
9:48 of 3rd period - Marian Gaborik is hit by Josef Vasicek and loses puck.
10:11 of 3rd period - Jordin Tootoo is hit by Brenden Morrow and loses puck.
10:22 of 3rd period - Wrist shot by Marian Gaborik.
10:22 of 3rd period - Shot Misses the Net.
10:24 of 3rd period - Snap shot by Marian Gaborik.
10:24 of 3rd period - Shot Blocked by Jordin Tootoo.
10:26 of 3rd period - Slapshot by Brenden Morrow.
10:26 of 3rd period - Deflect By Tomas Kaberle.
10:26 of 3rd period - Stopped by Pekka Rinne with a rebound.
10:32 of 3rd period - Snap shot by Marian Gaborik.
10:32 of 3rd period - Stopped by Pekka Rinne without a rebound.
10:33 of 3rd period - Frans Nielsen wins face-off versus Eric Staal in Flames zone.
10:48 of 3rd period - Wrist shot by Bill Guerin.
10:48 of 3rd period - Shot Misses the Net.
10:58 of 3rd period - Brian Pothier is hit by David Backes and loses puck.
11:23 of 3rd period - Slapshot by Mark Bell.
11:23 of 3rd period - Stopped by Ryan Miller without a rebound.
11:24 of 3rd period - Eric Staal wins face-off versus Frans Nielsen in Coyotes zone.
11:25 of 3rd period - Snap shot by Pavel Bure.
11:25 of 3rd period - Shot Misses the Net.
11:27 of 3rd period - Slapshot by Rob Blake.
11:27 of 3rd period - Shot Blocked by Lukas Krajicek.
11:29 of 3rd period - Snap shot by Petr Schastlivy.
11:29 of 3rd period - Shot Misses the Net.
11:31 of 3rd period - Snap shot by Petr Schastlivy.
11:31 of 3rd period - Stopped by Ryan Miller with a rebound.
11:33 of 3rd period - Snap shot by Eric Staal.
11:33 of 3rd period - Stopped by Ryan Miller without a rebound.
11:34 of 3rd period - Frans Nielsen wins face-off versus Eric Staal in Coyotes zone.
11:48 of 3rd period - Slapshot by Eric Staal.
11:48 of 3rd period - Shot Misses the Net.
11:50 of 3rd period - Wrist shot by Pavel Bure.
11:50 of 3rd period - Stopped by Ryan Miller with a rebound.
11:52 of 3rd period - Slapshot by Tomas Kaberle.
11:52 of 3rd period - Shot Misses the Net.
11:54 of 3rd period - Slapshot by Eric Staal.
11:54 of 3rd period - Stopped by Ryan Miller without a rebound.
11:55 of 3rd period - Tim Connolly wins face-off versus Michal Handzus in Coyotes zone.
12:20 of 3rd period - Tom Poti is hit by Pavel Bure and loses puck.
12:41 of 3rd period - Snap shot by Drew Miller.
12:41 of 3rd period - Goal by Drew Miller - Flames : 2 - Coyotes : 6.
12:42 of 3rd period - Eric Staal wins face-off versus Tim Connolly in neutral zone.
12:42 of 3rd period - Pavel Bure is hit by Tom Poti and loses puck.
12:47 of 3rd period - Denis Grebeshkov is hit by Tomas Kaberle and loses puck.
13:34 of 3rd period - Slapshot by Sergei Samsonov.
13:34 of 3rd period - Deflect By Rob Blake.
13:34 of 3rd period - Stopped by Pekka Rinne without a rebound.
13:35 of 3rd period - Frans Nielsen wins face-off versus Eric Staal in Flames zone.
13:36 of 3rd period - Wrist shot by Sergei Samsonov.
13:36 of 3rd period - Stopped by Pekka Rinne without a rebound.
13:37 of 3rd period - Eric Staal wins face-off versus Frans Nielsen in Flames zone.
14:09 of 3rd period - Tomas Kaberle is hit by Maxim Lapierre and loses puck.
14:47 of 3rd period - Slapshot by Tomas Kaberle.
14:47 of 3rd period - Deflect By Denis Grebeshkov.
14:47 of 3rd period - Stopped by Ryan Miller without a rebound.
14:48 of 3rd period - Todd Marchant wins face-off versus Marcel Goc in Coyotes zone.
14:50 of 3rd period - Icing by Jiri Fischer.
14:51 of 3rd period - Todd Marchant wins face-off versus Marcel Goc in Coyotes zone.
15:24 of 3rd period - Snap shot by Todd Marchant.
15:24 of 3rd period - Stopped by Pekka Rinne without a rebound.
15:25 of 3rd period - Michal Handzus wins face-off versus Tim Connolly in Flames zone.
16:09 of 3rd period - Backhand shot by Denis Grebeshkov.
16:09 of 3rd period - Stopped by Pekka Rinne with a rebound.
16:36 of 3rd period - Wrist shot by Mark Bell.
16:36 of 3rd period - Stopped by Ryan Miller with a rebound.
17:10 of 3rd period - Icing by Rob Blake.
17:11 of 3rd period - Eric Staal wins face-off versus Sergei Samsonov in Flames zone.
17:11 of 3rd period - Minor Penalty to Sergei Samsonov for Holding.
17:12 of 3rd period - Chad Larose wins face-off versus Eric Staal in Coyotes zone.
17:46 of 3rd period - Wrist shot by Steve Sullivan.
17:46 of 3rd period - Shot Blocked by Tom Poti.
17:59 of 3rd period - Icing by Alexander Semin.
18:00 of 3rd period - Chad Larose wins face-off versus Eric Staal in Flames zone.
19:11 of 3rd period - Penalty to Sergei Samsonov is over, Sergei Samsonov is back on ice.
19:25 of 3rd period - Kurt Sauer is hit by Marcel Goc and loses puck.
19:58 of 3rd period - Snap shot by Riley Cote.
19:58 of 3rd period - Stopped by Pekka Rinne with a rebound.
Output by the SimonT Hockey Simulator (STHS) for François Prévost -- Original Page W3C XHTML 1.0 Valid